 Dungeon Crawl Stone Soup version 0.17-a0-1650-gce8475a (console) character file.

126 utis the Cudgeler (level 5, -4/29 HPs)
             Began as a Kobold Artificer on Aug 13, 2015.
             Killed by divine providence
             ... invoked by an orc priest
              (11 damage)
             ... on level 3 of the Dungeon.
             The game lasted 00:09:34 (4231 turns).

utis the Cudgeler (Kobold Artificer)                Turns: 4231, Time: 00:09:35

Health: -4/29      AC:  6    Str: 11    XL:     5   Next: 32%
Magic:  7/7        EV: 13    Int: 10    God:
Gold:   119        SH:  0    Dex: 16    Spells: 0 memorised, 4 levels left

rFire  . . .     SeeInvis .     a - +0 mace
rCold  . . .     Clarity  .     u - +0 ring mail
rNeg   . . .     SustAt   .     (shield restricted)
rPois  .         Gourm    .     (no helmet)
rElec  .         Spirit   .     o - +0 cloak
rCorr  .         Warding  .     (no gloves)
rMut   .         Stasis   .     (no boots)
MR     .....                    (no amulet)
Stlth  +.........               (no ring)
                                (no ring)

@: not resistant to hostile enchantments, very unstealthy
A: carnivore 3
a: no special abilities


You were on level 3 of the Dungeon.
You were completely stuffed.

You visited 1 branch of the dungeon, and saw 3 of its levels.

You collected 119 gold pieces.

Inventory:

Hand weapons
 a - a +0 mace (weapon)
 k - a +0 short sword
 w - a +0 club
Missiles
 g - 42 stones (quivered)
 q - 22 sling bullets
Armour
 b - a +0 leather armour
 i - a +0 plate armour
 o - a +0 cloak (worn)
 u - a +0 ring mail (worn)
Magical devices
 c - a wand of flame (15)
 d - a wand of enslavement (14)
 e - a wand of random effects (12)
Scrolls
 h - 2 scrolls of remove curse {unknown}
 l - 2 scrolls of magic mapping
 n - a scroll of amnesia {unknown}
 r - a scroll of noise {unknown}
 x - 2 scrolls of teleportation {unknown}
Potions
 j - a potion of curing
 m - a potion of ambrosia
 p - a potion of brilliance
 s - a potion of haste {unknown}
Comestibles
 f - 3 meat rations
 t - a bread ration
 v - 3 chunks of flesh


   Skills:
 - Level 1.4 Fighting
 - Level 1.3 Short Blades
 + Level 4.2 Maces & Flails
 - Level 2.8 Dodging
 - Level 1.3 Stealth
 - Level 3.6 Evocations


You had 4 spell levels left.
You didn't know any spells.

Dungeon Overview and Level Annotations

Branches:
Dungeon (3/15)

Altars:
Ashenzari
Fedhas


Innate Abilities, Weirdness & Mutations

You are small and have problems with some larger weapons.
You are carnivorous and can eat meat at any time.


Message History

Really attack your orc priest?
You hit your orc priest.
The orc priest is no longer charmed.
The orc priest is heavily wounded.
The orc priest misses you.
You closely miss the orc priest.
The orc priest is heavily wounded.
The orc priest hits you with a hand axe.
You closely miss the orc priest.
The orc priest is heavily wounded.
The orc priest calls down the wrath of Beogh upon you.
Something smites you!
* * * LOW HITPOINT WARNING * * *
You hit the orc priest.
The orc priest is severely wounded.
The orc priest misses you.
You hit the orc priest.
The orc priest is severely wounded.
The orc priest mumbles some strange prayers to Beogh against you.
Something smites you!
You die...

▓.▓..▓..▓..▓▓▓.....▓
▓.▓.▓➘▓.▓..▓.......▓
▓▓.+..▓..+....▓.....▓
▓..▓.▓.▓.▓..▓▓▓.....▓▓▓
▓..▓..▓..▓..▓ ▓▓.......
▓..▓▓...▓▓..▓ ▓▓▓▓▓▓▓▓
▓...▓▓'▓▓...▓ ▓
▓.▓.........▓
▓.▓▓▓[K.....▓ ▓ ▓.▓
▓o▓▓▓▓..▓ ▓ ▓.▓ ▓.▓
▓...▓ ▓▓▓▓▓▓ ▓.▓ ▓.▓ [▓
▓..... ▓.▓ ▓.▓ . ▓▓▓
▓.▓▓▓.▓▓▓?▓. ▓▓..
▓.▓▓......>.. ......
▓.▓▓........➘ ....▓▓
▓......... .▓▓


You could see an orc priest.

Vanquished Creatures
  4 adders
  2 worms (D:2)
  3 giant geckos
  2 orcs
  A ball python (D:1)
  12 hobgoblins
  10 jackals
  4 kobolds
  8 bats
  6 giant cockroaches
  4 giant newts
  6 goblins
  A quokka (D:3)
  13 rats
76 creatures vanquished.

Vanquished Creatures (collateral kills)
  An orc (D:3)
1 creature vanquished.

Grand Total: 77 creatures vanquished

Notes
Turn   | Place    | Note
--------------------------------------------------------------
     0 | D:1      | utis the Kobold Artificer began the quest for the Orb.
     0 | D:1      | Reached XP level 1. HP: 12/12 MP: 3/3
   570 | D:1      | Reached XP level 2. HP: 16/16 MP: 4/4
   646 | D:1      | Found a shattered altar of Ashenzari.
   672 | D:1      | Reached skill level 1 in Maces & Flails
  1002 | D:1      | Reached XP level 3. HP: 18/20 MP: 5/5
  2157 | D:2      | Reached XP level 4. HP: 25/25 MP: 6/6
  3112 | D:2      | Found a blossoming altar of Fedhas.
  3691 | D:3      | Reached XP level 5. HP: 29/29 MP: 7/7
  3806 | D:3      | Reached skill level 4 in Maces & Flails
  4231 | D:3      | Killed from afar by an orc priest

Vault maps used:
D:1:      dpeg_arrival_lava_temple_mockup, solitary_fountain,
          evilmike_ruin_ashenzari
D:2:      nicolae_overflow_crystal_walls
D:3:      minmay_box_of_dots

Action                   |  1- 3 |  4- 6 || total
-------------------------+-------+-------++-------
Melee: Short sword       |    89 |       ||    89
       Club              |    22 |    46 ||    68
       Mace              |       |   147 ||   147
Throw: Stone             |    81 |    94 ||   175
Evoke: Wand              |     2 |     2 ||     4
  Use: Scroll            |     1 |     3 ||     4
 Stab: Sleeping          |     1 |     1 ||     2
  Eat: Chunk             |    12 |     7 ||    19
